Map: Frozen Temple

Players

YOKAI - Winner!

  • Race: Terran Terran
  • League: Silver
  • Spawn Location: 5:00

Fropez

  • Race: Protoss Protoss
  • League: Silver
  • Spawn Location: 11:00

VOD

Have the link to the VOD?

Description

Time

  • Played on: June 27, 2016, 12:14 p.m.
  • Length: 7:18
Show
View Real Time Build Order
Export as new Build Order

YOKAI Terran - Winner!

Build Orders: Reaper Expand, MMM Bio 

Get SALT Encoding   

  12  0:01  SCV  
  13  0:13  SCV  
  14  0:18  Supply Depot  
  14  0:25  SCV  
  15  0:42  SCV  
  16  0:43  Barracks  
  16  0:46  Refinery  
  16  0:54  SCV  
  17  1:06  SCV  
  18  1:19  SCV  
  19  1:33  Reaper  
  19  1:37  SCV  
  19  1:38  Command Center  
  21  1:50  Orbital Command  
  21  1:55  Supply Depot  
  21  2:07  Barracks Reactor  
  21  2:13  Bunker  
  21  2:17  Barracks  
  21  2:19  SCV  
  22  2:31  SCV  
  22  2:47  SCV  
  22  2:49  Marine x2  
  25  2:52  Orbital Command  
  25  2:57  Refinery  
  25  3:01  Factory  
  25  3:03  Barracks Tech Lab  
  25  3:07  Marine x2  
  25  3:11  SCV  
  28  3:15  Engineering Bay  
  28  3:22  SCV  
  28  3:23  SCV  
  28  3:26  Marine x2  
  28  3:27  Marine  
  32  3:31  Stimpack  
  33  3:35  SCV  
  34  3:41  Missile Turret  
  34  3:52  SCV  
  34  3:53  SCV, Missile Turret  
  34  3:54  Marine x3  
  37  4:13  SCV  
  37  4:14  Marine, SCV  
  37  4:15  Marine x2  
  42  4:17  Factory Reactor  
  42  4:24  Starport  
  42  4:27  SCV x2  
  44  4:36  Marine x2  
  46  4:41  Supply Depot  
  46  4:48  Marine, SCV  
  46  4:49  Barracks  
  46  4:51  SCV, Barracks  
  42  5:06  SCV x2  
  44  5:15  Barracks  
  44  5:21  SCV x2  
  46  5:22  Marine x2, Missile Turret  
  46  5:23  Marine  
  46  5:26  Viking x2  
  53  5:30  Supply Depot  
  53  5:36  SCV  
  53  5:38  SCV  
  53  5:39  Marine  
  53  5:40  Marine  
  53  5:41  Marine  
  58  5:44  Combat Shields  
  58  5:57  Marine  
  58  6:00  SCV x2  
  58  6:04  Marine x2  
  61  6:06  Medivac x2  
  61  6:07  Barracks Reactor x2  
  61  6:08  Barracks Tech Lab  
  66  6:28  Refinery  
  66  6:30  Refinery  
  66  6:31  SCV x2  
  68  6:40  Supply Depot, Command Center  
  68  6:42  Supply Depot  
  68  6:52  SCV x2  
  70  7:04  SCV  
Show
View Real Time Build Order
Export as new Build Order

Fropez Protoss 

Build Orders: Oracle Opening 

Get SALT Encoding   

  12  0:02  Probe (Chrono Boost)  
  13  0:16  Pylon  
  13  0:18  Probe (Chrono Boost)  
  14  0:37  Gateway  
  14  0:39  Assimilator  
  14  0:41  Probe (Chrono Boost)  
  15  0:51  Probe (Chrono Boost)  
  16  1:01  Gateway  
  16  1:04  Probe (Chrono Boost)  
  17  1:14  Probe (Chrono Boost), Assimilator  
  18  1:20  Pylon  
  18  1:25  Probe (Chrono Boost)  
  19  1:35  Pylon  
  19  1:46  Cybernetics Core  
  19  1:49  Probe (Chrono Boost)  
  20  2:00  Probe (Chrono Boost)  
  21  2:17  Probe (Chrono Boost)  
  22  2:23  Warp Gate (Chrono Boost)  
  22  2:27  Stargate  
  23  2:34  Mothership Core (Chrono Boost)  
  23  2:50  Adept  
  23  2:51  Adept  
  27  2:52  Probe (Chrono Boost)  
  28  3:10  Oracle  
  28  3:11  Probe (Chrono Boost)  
  32  3:38  Pylon  
  32  3:45  Adept x2, Oracle  
  37  4:23  Oracle (Chrono Boost)  
  38  4:38  Nexus  
  38  4:41  Pylon  
  34  5:03  Probe  
  35  5:12  Twilight Council  
  35  5:13  Gateway  
  35  5:14  Gateway  
  35  5:15  Probe  
  35  5:19  Gateway  
  36  5:22  Forge  
  33  6:11  Probe x2  
  35  6:23  Probe  
  35  6:24  Probe  
  37  6:31  Photon Cannon  
  37  6:35  Probe  
  37  6:37  Probe  
  39  6:41  Pylon  
  39  7:01  Zealot x3  
  39  7:02  Zealot x2  
Tags
 
Add a new tag
Caveats
  • Supply blocks, unpowered buildings, or Contaminate may cause inaccurate times.
  • Supply counts are checked every 10 seconds.